 Dungeon Crawl Stone Soup version 0.21.1-1-g345015f (webtiles) character file.

74 Mgcat the Digger (level 4, 0/26 HPs)
             Began as a Gargoyle Earth Elementalist on Feb 8, 2018.
             Killed from afar by an orc wizard (7 damage)
             ... with a magic dart
             ... on level 3 of the Dungeon.
             The game lasted 00:04:02 (2178 turns).

Mgcat the Digger (Gargoyle Earth Elementalist)      Turns: 2178, Time: 00:04:02

Health: 0/26       AC:  6    Str: 12    XL:     4   Next: 30%
Magic:  2/7        EV: 12    Int: 16    God:
Gold:   221        SH:  0    Dex: 10    Spells: 4/8 levels left

rFire    . . .     SeeInvis .   q - +0 whip (elec)
rCold    . . .     Gourm    .   (no shield)
rNeg     + . .     Faith    .   c - +0 robe
rPois    ∞         Spirit   .   m - +0 helmet
rElec    +         Reflect  .   (no cloak)
rCorr    .         Harm     .   (no gloves)
MR       .....                  (no boots)
Stlth    ++........             (no amulet)
HPRegen  0.08/turn              l - +2 ring of protection
MPRegen  0.10/turn              n - -2 ring of protection (curse)

@: slowed, very slow
A: negative energy resistance 1, electricity resistance, unbreathing,
petrification resistance, rot immunity, AC +3
a: no special abilities


You were on level 3 of the Dungeon.
You were not hungry.

You visited 1 branch of the dungeon, and saw 3 of its levels.

You collected 221 gold pieces.

Inventory:

Hand Weapons
 f - a +0 short sword
   (You found it on level 1 of the Dungeon)
 q - a +0 whip of electrocution (weapon)
   (You took it off a hobgoblin on level 2 of the Dungeon)
Missiles
 b - 127 stones (quivered)
 o - 2 throwing nets {=f, !d}
 u - 2 curare-tipped needles
Armour
 c - a +0 robe (worn)
 m - a +0 helmet (worn)
   (You found it on level 1 of the Dungeon)
Jewellery
 j - an uncursed amulet of harm {unknown}
   (You took it off a kobold on level 2 of the Dungeon)
 l - a +2 ring of protection (left hand)
   (You found it on level 1 of the Dungeon)
 n - a cursed -2 ring of protection (right hand)
   (You found it on level 1 of the Dungeon)
Scrolls
 h - 2 scrolls of fog
 i - a scroll of identify
 k - 2 scrolls of teleportation
 s - 2 scrolls of remove curse {unknown}
 v - a scroll of immolation {unknown}
Potions
 a - 2 potions of haste {unknown}
 g - a potion of mutation {!q}
 p - 2 potions of heal wounds {unknown}
 t - a potion of curing {unknown}
Books
 e - a book of Geomancy
Comestibles
 d - 5 rations
 r - a chunk of flesh {@w0}


   Skills:
 + Level 1.6 Fighting
 + Level 2.2 Dodging
 - Level 2.1 Stealth
 + Level 2.5 Spellcasting
 + Level 1.0 Conjurations
   Level 0.7 Transmutations
 + Level 4.3 Earth Magic


You had 4 spell levels left.
You knew the following spells:

 Your Spells              Type           Power        Failure   Level  Hunger
a - Sandblast             Erth           ###...       3%          1    #......
b - Stone Arrow           Conj/Erth      ##....       21%         3    ###....


Dungeon Overview and Level Annotations

Branches:
Dungeon (3/15)

Altars:


Innate Abilities, Weirdness & Mutations

You are resistant to torment.
Your stone body is resilient. (AC +3)
You are immune to poison.
You resist negative energy. (rN+)
You are resistant to electric shocks. (rElec)
You can survive without breathing.
You are immune to petrification.
You are immune to rotting.


Message History

You hit the orc wizard.
The orc wizard is lightly wounded.
The orc wizard barely misses you.
An orc comes into view.
You barely miss the orc wizard.
The orc wizard is lightly wounded.
The orc hits you with a flail.
The orc wizard gestures at you while chanting.
You feel yourself slow down.
An adder and a kobold come into view.
You hit the orc wizard but do no damage.
The orc wizard is lightly wounded.
The orc wizard hits you but does no damage.
The orc misses you.
The orc wizard mumbles some strange words.
The orc wizard blinks!
You hit the orc.
The orc is lightly wounded.
The orc hits you with a flail.
The kobold throws a stone.
The stone hits you but does no damage. The orc hits you but does no damage.
You are too injured to fight recklessly!
You are too injured to fight recklessly!
You are too injured to fight recklessly!
The adder bites you but does no damage. The adder barely misses you.
You hit the orc. Lightning courses through the orc!
You kill the orc!
The adder bites you. The adder barely misses you.
You hit the orc wizard.
The orc wizard is moderately wounded.
The adder closely misses you. The adder bites you but does no damage.
The orc wizard completely misses you.
You closely miss the orc wizard.
The orc wizard is moderately wounded.
The adder bites you but does no damage. The orc wizard misses you.
The adder misses you.
You closely miss the orc wizard.
The orc wizard is moderately wounded.
The adder barely misses you. The orc wizard hits you with a dagger.
The adder bites you but does no damage. The orc wizard closely misses you.
You hit the orc wizard.
The orc wizard is moderately wounded.
The adder barely misses you. The orc wizard barely misses you.
The adder completely misses you. The orc wizard closely misses you.
Casting: Sandblast
Confirm with . or Enter, or press ? or * to list all spells.
Aiming: Sandblast
Press: ? - help, Shift-Dir - straight line, f - adder
Aim: an adder The blast of sand hits the adder.
The adder is lightly wounded.
b - 131 stones The adder bites you but does no damage.
The adder closely misses you. The orc wizard hits you with a dagger.
Casting: Sandblast
Confirm with . or Enter, or press ? or * to list all spells.
Aiming: Sandblast
Press: ? - help, Shift-Dir - straight line, f/p - adder
Aim: an adder (lightly wounded)
The blast of sand hits the adder.
The adder is severely wounded.
b - 130 stones The adder bites you.
The orc wizard points at you and mumbles some strange words.
The magic dart hits you! The adder closely misses you.
The orc wizard misses you.
Casting: Sandblast
Confirm with . or Enter, or press ? or * to list all spells.
Aiming: Sandblast
Press: ? - help, Shift-Dir - straight line, f/p - adder
Aim: an adder (severely wounded)
The blast of sand misses the adder.
b - 129 stones The adder bites you.
The orc wizard hits you with a dagger.
* * * LOW HITPOINT WARNING * * *
The adder bites you but does no damage.
Casting: Sandblast
Confirm with . or Enter, or press ? or * to list all spells.
Aiming: Sandblast
Press: ? - help, Shift-Dir - straight line, f/p - adder
Aim: an adder (severely wounded)
The blast of sand hits the adder.
You kill the adder!
Your Conjurations skill increases to level 1!
b - 128 stones The kobold throws a stone.
The stone barely misses you. The orc wizard misses you.
The kobold throws a stone.
The stone closely misses you. The orc wizard casts a spell at you.
You feel as though you will be slow longer.
Casting: Sandblast
Confirm with . or Enter, or press ? or * to list all spells.
Aiming: Sandblast
Press: ? - help, Shift-Dir - straight line, f - orc wizard
Aim: an orc wizard, wielding a dagger and wearing a robe (lightly wounded)
The blast of sand hits the orc wizard.
The orc wizard is lightly wounded.
b - 127 stones The orc wizard casts a spell at you.
The magic dart hits you!
You die...

######## .......#
.......# .......#
.......#
.......##############
........>............
...####........#####
..>....#.......#@#.#
...#..#.#.....oo#.##.
...#..##.#.............
####..###.#............
#..# ##.#............
#..# ##.#...........
#..######.#...#..#.#.
#........#.######...
#..######.#...# #.


You could see an orc wizard and an orc.

Vanquished Creatures
  An adder (D:3)
  2 oozes
  3 worms (D:2)
  2 dart slugs (D:1)
  A leopard gecko (D:2)
  An orc (D:3)
  5 bats
  2 giant cockroaches
  6 hobgoblins
  4 jackals (D:3)
  A quokka (D:3)
  4 frilled lizards
  A goblin (D:2)
  7 kobolds
  2 rats
42 creatures vanquished.

Notes
Turn   | Place    | Note
-------+----------+-------------------------------------------
     0 | D:1      | Mgcat the Gargoyle Earth Elementalist began the quest for the Orb.
     0 | D:1      | Reached XP level 1. HP: 10/10 MP: 3/3
   170 | D:1      | Reached XP level 2. HP: 12/16 MP: 5/5
   231 | D:1      | Reached skill level 1 in Fighting
   410 | D:1      | Reached skill level 4 in Earth Magic
   485 | D:1      | Reached XP level 3. HP: 16/20 MP: 6/6
   490 | D:1      | Learned a level 3 spell: Stone Arrow
   704 | D:1      | Reached skill level 2 in Dodging
  1073 | D:2      | HP: 5/20 [worm (6)]
  1937 | D:3      | Reached XP level 4. HP: 9/25 MP: 5/7
  2176 | D:3      | HP: 6/25 [orc wizard/dagger (3)]
  2177 | D:3      | Reached skill level 1 in Conjurations
  2178 | D:3      | Killed from afar by an orc wizard

Skill      XL: |  1  2  3  4 |
---------------+-------------+-----
Fighting       | 1 |  1.6
Earth Magic    | 4 |  4.3
Dodging        | 2 |  2.2
Conjurations   | 1 |  1.0
Stealth        | |  2.1
Spellcasting   | |  2.5
Transmutations | |  0.7

Action                   |  1- 3 |  4- 6 || total
-------------------------+-------+-------++-------
Melee: Unarmed           |    14 |       ||    14
       Short sword       |   124 |       ||   124
       Whip              |    47 |    12 ||    59
 Cast: Sandblast         |     3 |     7 ||    10
  Use: Scroll            |     3 |       ||     3
 Stab: Sleeping          |     2 |       ||     2
  Eat: Chunk             |     3 |     1 ||     4
Armor: Robe              |    78 |    13 ||    91
Dodge: Dodged            |   114 |    22 ||   136

Vault maps used:
D:1:      wheals_arrival_linesprint
D:2:      first_ration
D:3:      wad_pebble_path, okawaru_altar_gauntlet_db, minmay_misc_feat_enclosed

Table legend:
 A = Turns spent in this place as a percentage of turns spent in the entire game.
 B = Non-inter-level travel turns spent in this place as a percentage of non-inter-level travel turns spent in the entire game.
 C = Inter-level travel turns spent in this place as a percentage of turns spent in this place.
 D = Turns resting spent in this place as a percentage of non-inter-level travel turns spent in this place.
 E = Turns spent auto-exploring this place as a percentage of non-inter-level travel turns spent in this place.
 F = Non-inter-level travel turns spent in this place divided by the number of levels of this place that you've seen.
                   A       B       C       D       E      F
               +-------+-------+-------+-------+-------+----------------------
         Total | 100.0 | 100.0 |   1.1 |   0.6 |  80.4 | 718.0
       Dungeon | 100.0 | 100.0 |   1.1 |   0.6 |  80.4 | 718.0
               +-------+-------+-------+-------+-------+----------------------

Table legend:
 A = Kills in this place as a percentage of kills in entire the game.
 B = Kills by you in this place as a percentage of kills by you in the entire game.
 C = Kills by friends in this place as a percentage of kills by friends in the entire game.
 D = Other kills in this place as a percentage of other kills in the entire game.
 E = Experience gained in this place as a percentage of experience gained in the entire game.
 F = Experience gained in this place divided by the number of levels of this place that you have seen.
                   A       B       C       D       E      F
               +-------+-------+-------+-------+-------+----------------------
         Total | 100.0 | 100.0 |   N/A |   N/A | 100.0 |  35.7
       Dungeon | 100.0 | 100.0 |   N/A |   N/A | 100.0 |  35.7
               +-------+-------+-------+-------+-------+----------------------
